 Dungeon Crawl Stone Soup version 0.30.1-11-g7821555f0a (webtiles) character file.

Game seed: 10708517718820026056

2 KyoPewz the Vexing (level 1, -1/7 HPs)
             Began as a Felid Enchanter on Dec 13, 2023.
             Slain by a hobgoblin (5 damage)
             ... on level 1 of the Dungeon.
             The game lasted 00:00:16 (105 turns).

KyoPewz the Vexing (Felid Enchanter)                 Turns: 105, Time: 00:00:16

Health: -1/7       AC:  1    Str:  4    XL:     1   Next: 33%
Magic:  4/4        EV: 17    Int: 16    God:
Gold:   12         SH:  0    Dex: 16    Spells: 4/4 levels left
                                        Lives:  0   Deaths: 0

rFire   . .          .
                       - Unarmed
rCold   . . .        (shield unavailable)
rNeg    . . .        (body armour unavailable)
rPois   .            (helmet unavailable)
rElec   .            (cloak unavailable)
rCorr   .            (gloves unavailable)
SInv    +            (boots unavailable)
Will    .....        (no amulet)
Stlth   +++          (no ring)
HPRegen 0.21/turn    (no ring)
MPRegen 0.09/turn

%: no passive effects
@: quick
A: very small, claws 1, fangs 3, see invisible, speed 1, shaggy fur 1, stealthy
paws, no weapons or thrown items, no armour, multi-lived
a: no special abilities


You were on level 1 of the Dungeon.
You visited 1 branch of the dungeon, and saw 1 of its levels.

You collected 12 gold pieces.

Inventory:

Scrolls
 b - a scroll of immolation {unknown}
 c - a scroll of poison {unknown}
 d - a scroll of teleportation {unknown}
Potions
 a - 2 potions of invisibility
 e - 2 potions of curing {unknown}


   Skills:
 - Level 2.6 Dodging
 + Level 4.3 Stealth
 - Level 1.0 Unarmed Combat
 - Level 2.0 Spellcasting
 - Level 4.4 Hexes


You had 4 spell levels left.
You didn't know any spells.
Your spell library contained the following spells:

 Spells                   Type           Power      Damage    Failure   Level
 Confusing Touch          Hex            15%        N/A       11%         3
 Tukima's Dance           Hex            15%        N/A       11%         3
 Ensorcelled Hibernation  Hex/Ice        16%        N/A       13%         2
 Dazzling Flash           Conj/Hex       16%        N/A       26%         3


Dungeon Overview and Level Annotations

Branches:
Dungeon (1/15)

Altars:


Innate Abilities, Weirdness & Mutations

You have sharp claws.
You have razor-sharp teeth.
You have supernaturally acute eyesight. (SInv)
You cover ground quickly. (Speed+)
You are covered in fur. (AC +1)
Your paws help you pounce on unaware monsters.
You are incapable of wielding weapons or throwing items.
You cannot wear armour.
You gain extra lives every three experience levels.


Message History

You scratch the hobgoblin but do no damage.
The hobgoblin is moderately wounded.
The hobgoblin closely misses you.
You scratch the hobgoblin.
The hobgoblin is severely wounded.
The hobgoblin completely misses you.
You closely miss the hobgoblin.
The hobgoblin is severely wounded.
The hobgoblin hits you.
Ouch! That really hurt!
* * * LOW HITPOINT WARNING * * *
You take 5 damage, and have 2/7 hp.
MASSIVE DAMAGE!!
You are too injured to fight recklessly!
You are too injured to fight recklessly!
You scratch the hobgoblin but do no damage.
The hobgoblin is severely wounded.
The hobgoblin barely misses you.
You barely miss the hobgoblin.
The hobgoblin is severely wounded.
The hobgoblin misses you.
You scratch the hobgoblin but do no damage.
The hobgoblin is severely wounded.
The hobgoblin barely misses you.
You scratch the hobgoblin.
The hobgoblin is almost dead.
The hobgoblin barely misses you.
You scratch the hobgoblin but do no damage.
The hobgoblin is almost dead.
The hobgoblin barely misses you.
You closely miss the hobgoblin.
The hobgoblin is almost dead.
The hobgoblin completely misses you.
You barely miss the hobgoblin.
The hobgoblin is almost dead.
The hobgoblin closely misses you.
You scratch the hobgoblin but do no damage.
The hobgoblin is almost dead.
The hobgoblin hits you.
Ouch! That really hurt!
You die...

#.#
#.#
#.#
#.#
###.#
#...#
#.###
#.#
#@#
#g#
#.)
##.#
.# ..
##


You could see a hobgoblin.

Vanquished Creatures
  3 kobolds (D:1)
3 creatures vanquished.

Notes
Turn   | Place    | Note
-------+----------+-------------------------------------------
     0 | D:1      | KyoPewz the Felid Enchanter began the quest for the Orb.
     0 | D:1      | Reached XP level 1. HP: 7/7 MP: 4/4
   105 | D:1      | Slain by a hobgoblin

Illustrated notes

Levels and vault maps discovered:
D:1:      dpeg_arrival_rhombi, layout_loops_ring, nicolae_ecumenical_lake_church

Action                     || total
---------------------------++-------
  Melee: Unarmed           ||    23
  Dodge: Dodged            ||    19
